 Dungeon Crawl Stone Soup version 0.19-a0-628-g9200b3b (webtiles) character file.

249 Krapule the Charmwright (level 6, -8/47 HPs)
             Began as a Merfolk Skald on June 13, 2016.
             Mangled by an ogre
             ... wielding a +0 giant club
              (26 damage)
             ... on level 4 of the Dungeon.
             The game lasted 00:12:07 (3029 turns).

Krapule the Charmwright (Merfolk Skald)             Turns: 3029, Time: 00:12:08

Health: -8/47      AC:  5    Str: 13    XL:     6   Next: 12%
Magic:  10/10      EV: 12    Int: 12    God:
Gold:   126        SH:  4    Dex: 14    Spells: 2 memorised, 8 levels left

rFire  . . .     SeeInvis .     q - +0 trident (curse)
rCold  . . .     Gourm    .     o - +0 ring mail (curse)
rNeg   + . .     Faith    .     (no shield)
rPois  .         Spirit   .     (no helmet)
rElec  .         Dismiss  .     (no cloak)
rCorr  .         Reflect  +     (no gloves)
SustAt .         Harm     .     (no boots)
MR     .....                    f - +4 amulet of reflection
Stlth  +.........               (no ring)
                                g - ring of positive energy

@: not resistant to hostile enchantments, very unstealthy
A: change form in water, swift swim
a: no special abilities


You were on level 4 of the Dungeon.
You were hungry.

You visited 1 branch of the dungeon, and saw 4 of its levels.

You collected 126 gold pieces.

Inventory:

Hand Weapons
 a - a +0 spear
 q - a cursed +0 trident (weapon)
Armour
 o - a cursed +0 ring mail (worn)
Jewellery
 f - a +4 amulet of reflection (around neck)
 g - a ring of positive energy (left hand)
Scrolls
 e - a scroll of random uselessness {unknown}
 j - 8 scrolls of identify {unknown}
 l - 3 scrolls of teleportation {unknown}
 m - 2 scrolls of remove curse {unknown}
Potions
 b - 3 potions of brilliance {unknown}
 h - 3 potions of curing {unknown}
 i - 3 potions of heal wounds {unknown}
 n - a potion of invisibility {unknown}
Books
 c - a book of Battle

   Spells                             Type                      Level
   a - Infusion                       Charms                       1
   b - Shroud of Golubria             Charms/Translocation         2
   c - Song of Slaying                Charms                       2
   d - Spectral Weapon                Hexes/Charms                 3
   e - Regeneration                   Charms/Necromancy            3
Comestibles
 d - 3 bread rations
 k - a beef jerky
 p - 2 meat rations
 r - a royal jelly


   Skills:
 + Level 3.3 Fighting
 + Level 3.7 Polearms
 - Level 2.0 Armour
 + Level 3.1 Dodging
 + Level 3.1 Spellcasting
 + Level 4.3 Charms


You had 8 spell levels left.
You knew the following spells:

 Your Spells              Type           Power        Failure   Level  Hunger
a - Infusion              Chrm           ##..         10%         1    #......
z - Shroud of Golubria    Chrm/Tloc      #.........   38%         2    ###....


Dungeon Overview and Level Annotations

Branches:
Dungeon (4/15)
 Temple: D:4-7

Altars:
Elyvilon
Okawaru
Uskayaw
Vehumet

Annotations:
D:4 Edmund


Message History

The ogre is heavily wounded.
The ogre closely misses you.
You hit the ogre.
The ogre is heavily wounded.
The ogre hits you with a giant club!
You closely miss the ogre.
The ogre is heavily wounded.
The giant newt barely misses you. The ogre hits you with a giant club.
You hit the ogre but do no damage.
The ogre is heavily wounded.
The giant newt barely misses you.
You hit the ogre but do no damage.
The ogre is heavily wounded.
The ogre hits you but does no damage.
The giant newt bites you but does no damage.
You hit the ogre.
The ogre is severely wounded.
The ogre hits you with a giant club!!
Ouch! That really hurt!
You die...

.. #.........## ...
#.........# ....##.........#
. ...(...........# .#
######.........# #######.#
#.........# #.......#
###.........# #......#
.............######......#
..............l@O.........###
.....#.......#######.........
.....##.....## #.........
..... ####### #.......#..
.... .....##### .#....# #.
...#.# # #.#.#.# #...#.#


You could see an ogre and a giant newt.

Vanquished Creatures
  An orc wizard (D:3)
  2 orc priests (D:3)
  Ijyb (D:2)
  A hound skeleton (D:4)
  5 adders
  3 oozes
  A worm (D:2)
  A dart slug (D:2)
  A giant gecko (D:1)
  An orc (D:3)
  6 giant cockroaches
  9 goblins
  6 hobgoblins
  3 kobolds (D:2)
  2 quokkas
  2 ball pythons
  A ball python skeleton (D:4)
  8 bats
  5 giant newts
  5 rats
64 creatures vanquished.

Vanquished Creatures (others)
  A hobgoblin (D:2)
1 creature vanquished.

Grand Total: 65 creatures vanquished

Notes
Turn   | Place    | Note
--------------------------------------------------------------
     0 | D:1      | Krapule the Merfolk Skald began the quest for the Orb.
     0 | D:1      | Reached XP level 1. HP: 16/16 MP: 3/3
   240 | D:1      | Reached XP level 2. HP: 23/23 MP: 5/5
   888 | D:2      | Reached skill level 1 in Armour
   888 | D:2      | Reached XP level 3. HP: 22/28 MP: 1/6
  1063 | D:2      | Found a radiant altar of Vehumet.
  1082 | D:2      | Found an iron altar of Okawaru.
  1222 | D:2      | Found a white marble altar of Elyvilon.
  1459 | D:2      | Reached XP level 4. HP: 34/34 MP: 7/7
  1572 | D:3      | Noticed Ijyb
  1625 | D:2      | Killed Ijyb
  1625 | D:2      | Reached skill level 4 in Charms
  1769 | D:3      | Reached XP level 5. HP: 41/41 MP: 4/9
  2116 | D:3      | Learned a level 2 spell: Shroud of Golubria
  2209 | D:3      | Reached XP level 6. HP: 32/47 MP: 10/10
  2777 | D:4      | Noticed a dagger
  2777 | D:4      | Found a hide-covered altar of Uskayaw.
  2778 | D:4      | Noticed a dagger
  2800 | D:4      | Noticed Edmund
  3029 | D:4      | Mangled by an ogre

Vault maps used:
D:1:      dpeg_arrival_shelter
D:2:      fiery_altar_vehumet, nicolae_overflow_hidden_temple,
          minmay_misc_feat_cross, minivault_24, elyvilon_altar_4
D:3:      dk_noncrumbling_3, uniq_iyjb
D:4:      dancing_weapons_uskayaw, nemelex_altar_shiori, first_bread,
          grunt_ministairs_6, uniq_edmund, uniq_blork_the_orc

Skill      XL: |  1  2  3  4  5  6 |
---------------+-------------------+-----
Armour         | 1 2 |  2.0
Dodging        | 2 3 |  3.1
Charms         | 4 |  4.3
Fighting       | 3 |  3.3
Spellcasting   | 3 |  3.1
Polearms       | |  3.7

Action                   |  1- 3 |  4- 6 || total
-------------------------+-------+-------++-------
Melee: Spear             |   129 |   177 ||   306
       Trident           |       |    33 ||    33
 Cast: Infusion          |     2 |     7 ||     9
       Shroud of Golubri |       |     2 ||     2
  Eat: Chunk             |     2 |     5 ||     7
Armor: Leather armour    |    16 |       ||    16
       Ring mail         |     3 |    60 ||    63
Dodge: Dodged            |    46 |    79 ||   125
Block: Other             |    11 |    32 ||    43
